Map: Kairos Junction LE

Players

OGZest (Zest)

  • Race: Protoss Protoss
  • Spawn Location: 5:00

TSGSolar (Solar) - Winner!

  • Race: Zerg Zerg
  • League: Diamond
  • Spawn Location: 11:00

Event: 2019 Assembly Summer

VOD

Have the link to the VOD?

Description

Time

  • Played on: Aug. 3, 2019, 10:43 a.m.
  • Length: 11:32

All games in this series

Show
View Real Time Build Order
Export as new Build Order

OGZest Protoss 

Build Orders: 1 Gate Expand, Oracle Opening, Archon Immortal, Archon Drop 

Get SALT Encoding   

  12  0:00  Probe  
  13  0:12  Probe  
  14  0:18  Pylon  
  14  0:24  Probe  
  15  0:32  Probe  
  15  0:38  Gateway  
  15  0:40  Probe  
  16  0:48  Assimilator  
  17  0:51  Probe  
  18  1:03  Probe  
  19  1:15  Probe  
  20  1:25  Nexus  
  20  1:35  Cybernetics Core  
  20  1:39  Probe  
  21  1:45  Assimilator  
  21  1:51  Probe  
  22  1:56  Pylon  
  22  2:03  Probe  
  22  2:05  Adept  
  23  2:12  Warp Gate  
  23  2:15  Probe  
  26  2:25  Stargate  
  26  2:27  Probe  
  27  2:33  Probe  
  27  2:35  Stalker  
  29  2:40  Probe  
  29  2:41  Probe  
  32  2:51  Probe  
  32  2:52  Probe  
  32  2:57  Oracle  
  34  3:03  Probe  
  34  3:04  Probe  
  36  3:12  Pylon  
  39  3:15  Probe  
  39  3:16  Probe  
  41  3:21  Assimilator  
  41  3:22  Assimilator  
  41  3:26  Oracle  
  41  3:27  Probe  
  41  3:28  Probe  
  43  3:40  Probe x2  
  48  3:45  Pylon  
  48  3:51  Probe, Robotics Facility  
  48  3:52  Probe  
  50  3:59  Probe  
  50  4:01  Twilight Council  
  50  4:05  Probe  
  50  4:07  Probe  
  52  4:11  Gateway  
  52  4:16  Gateway  
  53  4:17  Probe  
  53  4:18  Probe  
  55  4:29  Warp Prism  
  55  4:40  Templar Archives  
  55  4:42  Gateway  
  55  4:43  Pylon  
  57  4:45  Probe  
  57  4:47  Pylon  
  57  4:49  Pylon  
  57  4:52  Zealot  
  60  5:06  Observer, Stalker  
  63  5:10  Zealot  
  65  5:23  Probe x2  
  65  5:27  Forge  
  65  5:28  Nexus  
  67  5:29  Pylon  
  67  5:31  Immortal  
  67  5:33  High Templar x3  
  73  5:35  High Templar  
  73  5:41  Archon x2  
  75  5:47  Shield Battery  
  75  5:49  Pylon  
  79  5:53  Charge  
  79  6:02  Immortal  
  79  6:04  Protoss Ground Weapons Level 1  
  83  6:17  Gateway  
  83  6:19  Gateway  
  83  6:30  Gateway  
  83  6:32  Immortal, Stalker x2  
  84  6:40  Probe x3  
  84  6:44  Pylon  
  91  6:55  Gateway, Probe x3  
  91  6:56  Sentry x3  
  100  7:06  Pylon  
  100  7:07  Probe x3  
  103  7:21  Probe  
  108  7:34  Immortal  
  108  7:35  High Templar x2, Zealot x3  
  108  7:36  Zealot x2  
  122  7:53  Archon  
  122  7:56  Protoss Ground Weapons Level 2  
  122  8:02  Zealot x5  
  122  8:04  Pylon  
  132  8:06  Pylon  
  132  8:08  Pylon  
  132  8:10  Pylon  
  132  8:25  Zealot x8  
  150  8:27  Immortal  
  150  8:34  Pylon  
  150  8:35  Assimilator  
  150  8:38  Assimilator  
  150  8:43  Probe x2  
  150  8:44  Pylon  
  152  8:53  Zealot x4, High Templar x3  
  152  8:54  High Templar  
  164  8:57  Archon  
  164  8:58  Archon  
  158  9:04  Immortal  
  127  9:21  Zealot x4  
  123  9:28  Zealot x3  
  123  9:29  Zealot  
  119  9:33  Immortal  
  88  9:57  High Templar x3  
  88  9:58  High Templar, Zealot x2, Sentry x2  
  104  10:02  Immortal  
  104  10:07  Archon x2  
  104  10:19  Dark Shrine  
  104  10:23  Zealot  
  104  10:24  Zealot x3  
  109  10:34  Zealot x4  
  90  10:43  Immortal  
  90  10:46  Zealot x4  
  96  10:56  Zealot x4  
  86  11:10  Zealot x4  
Show
View Real Time Build Order
Export as new Build Order

TSGSolar Zerg - Winner!

Build Orders: Hatch First, Swarm Host 

Get SALT Encoding   

  12  0:01  Drone  
  13  0:12  Overlord  
  13  0:16  Drone  
  14  0:31  Drone  
  15  0:44  Hatchery  
  15  0:48  Drone  
  15  0:52  Drone  
  15  0:56  Drone  
  17  1:01  Drone  
  18  1:10  Extractor  
  17  1:17  Spawning Pool  
  16  1:20  Drone  
  16  1:23  Drone  
  18  1:32  Drone  
  19  1:42  Drone  
  20  1:51  Hatchery  
  19  1:55  Drone  
  20  2:04  Queen  
  23  2:08  Drone  
  23  2:15  Metabolic Boost  
  23  2:19  Drone  
  23  2:22  Drone  
  25  2:26  Overlord  
  25  2:33  Queen  
  25  2:36  Zergling x2  
  28  2:45  Zergling x2  
  28  2:46  Drone x2  
  28  2:51  Queen  
  33  2:53  Drone  
  33  2:55  Drone  
  33  2:57  Drone  
  36  3:05  Queen  
  38  3:07  Drone  
  38  3:11  Overlord  
  39  3:13  Drone  
  39  3:16  Drone  
  41  3:20  Drone  
  41  3:26  Overlord  
  42  3:30  Drone  
  42  3:32  Drone x3  
  47  3:34  Drone  
  47  3:39  Drone  
  48  3:42  Drone x2  
  48  3:45  Lair  
  48  3:46  Roach Warren  
  49  3:49  Drone  
  49  3:52  Drone x2  
  52  3:57  Overlord  
  52  3:59  Zergling x4  
  52  4:01  Extractor  
  52  4:02  Drone x2, Extractor  
  54  4:03  Drone  
  54  4:06  Drone  
  54  4:09  Spore Crawler  
  55  4:13  Spore Crawler, Overlord  
  54  4:20  Overlord  
  53  4:25  Drone x4  
  53  4:28  Drone x3  
  56  4:31  Drone  
  56  4:37  Drone  
  55  4:39  Drone  
  55  4:42  Drone  
  57  4:47  Spore Crawler  
  57  4:50  Drone x2  
  57  4:51  Drone  
  57  4:52  Drone  
  60  4:54  Drone x2  
  60  4:56  Drone  
  60  4:58  Drone  
  60  4:59  Drone  
  65  5:03  Overseer  
  65  5:04  Overlord  
  65  5:07  Drone  
  65  5:08  Queen  
  65  5:11  Overlord  
  65  5:13  Overlord  
  68  5:17  Drone x2  
  68  5:21  Glial Reconstitution  
  70  5:23  Extractor  
  70  5:24  Drone x2  
  70  5:27  Drone x2  
  70  5:28  Roach  
  75  5:29  Extractor  
  75  5:30  Roach  
  75  5:34  Roach x2  
  80  5:38  Roach x3  
  80  5:41  Overlord  
  85  5:43  Roach x2  
  85  5:47  Roach  
  85  5:48  Roach  
  93  5:52  Drone x3  
  93  5:54  Overlord  
  96  5:57  Evolution Chamber  
  96  5:58  Overlord  
  96  6:01  Drone  
  96  6:04  Drone  
  96  6:07  Overseer, Overlord  
  97  6:11  Extractor  
  97  6:14  Drone x2  
  97  6:15  Drone x2  
  97  6:17  Infestation Pit, Roach x3  
  105  6:23  Queen  
  105  6:33  Zerg Missile Weapons Level 1  
  105  6:37  Drone x2  
  107  6:42  Roach x2  
  107  6:43  Overlord  
  107  6:44  Overlord  
  107  6:45  Overlord  
  111  6:51  Overlord  
  111  6:56  Swarm Host x3  
  111  6:58  Overlord x2  
  111  6:59  Overlord  
  120  7:04  Swarm Host x4  
  120  7:05  Swarm Host  
  135  7:09  Swarm Host  
  135  7:15  Swarm Host x3  
  136  7:17  Swarm Host  
  136  7:22  Roach x3  
  154  7:25  Zergling x2  
  154  7:29  Zergling x2  
  154  7:32  Drone x3  
  154  7:34  Drone  
  154  7:35  Drone  
  156  7:38  Swarm Host  
  156  7:41  Roach x2  
  156  7:44  Zergling x4  
  164  7:50  Zergling x8  
  168  7:53  Ravager x4  
  168  7:54  Overlord  
  168  7:56  Overlord  
  171  7:59  Overlord  
  171  8:05  Overlord x2  
  170  8:06  Overseer  
  170  8:11  Overlord x2  
  170  8:12  Overlord  
  170  8:14  Roach x4  
  170  8:18  Roach  
  173  8:20  Roach  
  173  8:22  Swarm Host  
  178  8:30  Drone  
  178  8:31  Zerg Missile Weapons Level 2  
  178  8:32  Roach x2  
  183  8:38  Swarm Host  
  183  8:39  Hatchery  
  183  8:40  Roach x4  
  193  8:42  Zergling x6  
  193  8:43  Ravager  
  193  8:47  Zergling x2  
  196  8:51  Roach x2  
  196  8:55  Roach  
  200  9:01  Zergling x2  
  197  9:04  Zergling x2  
  197  9:06  Zergling x2  
  197  9:07  Zergling x2  
  197  9:09  Roach x2  
  194  9:10  Roach x2  
  194  9:11  Roach x3  
  194  9:12  Roach  
  189  9:18  Roach x2  
  189  9:20  Roach  
  189  9:22  Ravager  
  183  9:24  Roach x2  
  183  9:26  Roach  
  183  9:30  Roach x2  
  176  9:33  Roach  
  176  9:34  Ravager  
  160  9:39  Roach  
  160  9:41  Roach  
  160  9:44  Roach x5  
  160  9:45  Roach x2  
  167  9:51  Roach  
  167  9:52  Roach, Ravager  
  159  9:53  Ravager  
  159  9:55  Zergling x2  
  159  9:56  Zergling x2  
  159  9:57  Zergling x2  
  164  10:00  Roach  
  164  10:02  Hatchery  
  164  10:04  Queen  
  164  10:05  Ravager  
  168  10:07  Roach  
  168  10:08  Ravager  
  168  10:10  Zergling x4  
  168  10:14  Roach  
  175  10:18  Roach x2  
  179  10:22  Roach  
  179  10:27  Ravager  
  179  10:28  Roach  
  181  10:31  Roach  
  181  10:33  Roach  
  181  10:38  Roach  
  181  10:41  Ravager  
  181  10:42  Ravager  
  176  10:43  Roach  
  176  10:46  Roach x4  
  176  10:48  Roach  
  178  10:53  Roach x3  
  178  10:55  Roach  
  178  10:57  Roach  
  178  11:00  Ravager x2  
  178  11:01  Roach  
  172  11:04  Roach  
  172  11:08  Roach  
  167  11:12  Roach  
Tags
 
Add a new tag
Caveats
  • Supply blocks, unpowered buildings, or Contaminate may cause inaccurate times.
  • Supply counts are checked every 10 seconds.